 Dungeon Crawl Stone Soup version 0.31-a0-667-g39726597b9 (webtiles) character file.

Game seed: 18342152490243593243

9 jlumianski the Trooper (level 2, -1/7 HPs)
             Began as a Demonspawn Fighter on Sept 3, 2023.
             Slain by an endoplasm (2 damage)
             ... on level 1 of the Dungeon.
             The game lasted 00:02:36 (170 turns).

jlumianski the Trooper (Demonspawn Fighter)          Turns: 170, Time: 00:02:37

Health: -1/7       AC:  6    Str: 16    XL:     2   Next: 6%
Magic:  2/2        EV:  9    Int:  9    God:
Gold:   19         SH:  0    Dex: 12    Spells: 1/1 levels left

rFire   . . .        a - melded +0 war axe
rCold   . . .        c - melded +0 buckler
rNeg    . . .        b - +0 scale mail
rPois   .            (no helmet)
rElec   .            (no cloak)
rCorr   .            (no gloves)
SInv    .            (no boots)
Will    .....        (no amulet) Stlth
                     (no ring)
HPRegen 0.21/turn    (no ring)
MPRegen 0.08/turn

%: no passive effects
@: flux-form, glowing
A: glow, contaminating, reduced hp, foul stench 1
a: Begin Untransformation


You were on level 1 of the Dungeon.
You were something dangerously unstable.
You visited 1 branch of the dungeon, and saw 2 of its levels.

You collected 19 gold pieces.

Inventory:

Hand Weapons
 a - a +0 war axe (melded)
 f - a +0 short sword
Missiles
 e - 4 stones
Armour
 b - a +0 scale mail (worn)
 c - a +0 buckler (melded)
Talismans
 g - a flux talisman (active)
Scrolls
 h - a scroll of acquirement {unknown}
Potions
 d - a potion of might


   Skills:
 - Level 3.3 Fighting
 - Level 1.9 Axes
 - Level 2.8 Armour
 - Level 2.8 Shields


You had one spell level left.
You didn't know any spells.
Your spell library was empty.

Dungeon Overview and Level Annotations

Branches:
Dungeon (2/15)

Altars:


Innate Abilities, Weirdness & Mutations

You are something dangerously unstable.
You glow with magical radiation, making you easy to see and hit.
Foes you strike become dangerously contaminated with magical radiation.
Your maximum health is decreased, since you lack skill for your form.
You are incapable of wielding weapons or throwing items.
You may rarely emit foul miasma when damaged in melee.


Message History

Unknown command.
Unknown command.
h - a scroll labelled TOKLIS KIDAMIP A goblin and an endoplasm come into view.
The goblin shouts!
The endoplasm quivers.
Unknown command.
The endoplasm attacks as it pursues you!
The endoplasm hits you but does no damage.
The endoplasm attacks as it pursues you!
The endoplasm barely misses you.
The endoplasm attacks as it pursues you!
The endoplasm hits you but does no damage.
The endoplasm attacks as it pursues you!
The endoplasm hits you but does no damage.
There is a stone staircase leading down here.
The endoplasm hits you but does no damage.
You climb downwards.
The kobold shouts!
Found 12 gold pieces and a robe.
Found a stone staircase leading up.
There is a stone staircase leading up here.
The endoplasm freezes you.
You are frozen.
Ouch! That really hurt!
You climb upwards.
The goblin hits you with a +0 dagger.
* * * LOW HITPOINT WARNING * * *
There is a stone staircase leading down here.
You barely miss the goblin. The goblin barely misses you.
The endoplasm barely misses you.
You hit the goblin but do no damage.
The goblin begins to glow.
The goblin hits you but does no damage.
The endoplasm hits you but does no damage.
You closely miss the goblin. The goblin hits you but does no damage.
The endoplasm freezes you.
You are frozen.
* * * LOW HITPOINT WARNING * * *
You hit the goblin.
The goblin glows dangerously bright.
The goblin is moderately wounded.
The goblin barely misses you. The endoplasm hits you.
You die...

#........# #...
#........# #...
#........# #...
#........# #...
#####........# #...
#............###...
#.............†....
#..J...############
##B.........###
#g########...# #.#
###.# #.#
....g....# #.#
.........# #.#
.......### #.#
.....## #.# .....
....


You could see an endoplasm and a goblin (heavy contam).

Vanquished Creatures
  A dart slug (D:1)
  A giant cockroach (D:1)
  2 jackals (D:1)
  A quokka (D:1)
  A frilled lizard (D:1)
  A kobold (D:1)
7 creatures vanquished.

Notes
Turn   | Place    | Note
-------+----------+-------------------------------------------
     0 | D:1      | jlumianski the Demonspawn Fighter began the quest for the
                  | Orb.
     0 | D:1      | Reached XP level 1. HP: 18/18 MP: 1/1
   103 | D:1      | Gained mutation: You may rarely emit foul miasma when
                  | damaged in melee. [demonic ancestry]
   103 | D:1      | Reached XP level 2. HP: 16/24 MP: 2/2
   170 | D:1      | Slain by an endoplasm

Illustrated notes

Levels and vault maps discovered:
D:1:      eino_arrival_water_cross, layout_basic, grunt_decor_resistance,
          nicolae_wormholes
D:2:      layout_basic, ebering_ecumenical_altar_petrified, basic_altar,
          minmay_tetromino_l4

Action                     || total
---------------------------++-------
  Melee: War axe           ||    17
         Unarmed           ||     4
 Armour: Scale mail        ||    22
  Dodge: Dodged            ||    12
  Block: Buckler           ||     5
   Form: Flux              ||     1

Table legend: (Time is in decaauts)
 A = Elapsed time spent in this place.
 B = Non-inter-level travel time spent in this place.
 C = Inter-level travel time spent in this place.
 D = Time resting spent in this place.
 E = Time spent auto-exploring this place.
 F = Levels seen in this place.
 G = Mean time per level.
                   A        B        C        D        E       F      G
               +--------+--------+--------+--------+--------+-----+--------+
         Total |    177 |    177 |      0 |      0 |     55 |   2 |   88.5 |
       Dungeon |    177 |    177 |      0 |      0 |     55 |   2 |   88.5 |
               +--------+--------+--------+--------+--------+-----+--------+

Top non-repeatable levels by time:
     D:1: 175 daAuts
     D:2: 1 daAuts
